Map: Incorporeal LE

Players

DaLaO - Winner!

  • Race: Zerg Zerg
  • League: Master
  • Spawn Location: 11:00

Etherodox

  • Race: Terran Terran
  • League: Master
  • Spawn Location: 5:00

VOD

Have the link to the VOD?

Description

Time

  • Played on: Sept. 5, 2025, 4:20 a.m.
  • Length: 12:06
Show
View Real Time Build Order
Export as new Build Order

DaLaO Zerg - Winner!

Build Orders: Hatch First, Swarm Host 

Get SALT Encoding   

  12  0:00  Drone  
  13  0:08  Drone  
  14  0:17  Overlord  
  14  0:22  Extractor  
  14  0:23  Drone  
  15  0:36  Drone x2  
  17  0:51  Hatchery  
  17  0:54  Drone  
  17  0:58  Extractor  
  17  1:02  Drone  
  17  1:14  Spawning Pool  
  17  1:18  Drone  
  17  1:22  Drone  
  18  1:27  Drone  
  19  1:38  Overlord  
  19  2:01  Queen  
  19  2:02  Zergling x2  
  19  2:03  Zergling x2  
  19  2:08  Drone  
  24  2:09  Queen  
  26  2:17  Extractor  
  25  2:26  Drone  
  25  2:27  Drone x3  
  29  2:31  Metabolic Boost  
  29  2:41  Lair  
  29  2:46  Overlord  
  29  2:53  Zergling x4  
  31  2:59  Overlord  
  31  3:07  Drone  
  31  3:08  Drone x2  
  34  3:31  Drone x5  
  34  3:32  Drone  
  40  3:36  Drone  
  40  3:37  Drone  
  40  3:39  Extractor  
  40  3:41  Extractor  
  40  3:46  Infestation Pit  
  39  3:54  Drone  
  39  3:55  Drone x4  
  41  4:07  Drone x3  
  41  4:08  Drone  
  45  4:13  Nydus Network  
  44  4:28  Evolution Chamber x2  
  42  4:33  Swarm Host x2  
  42  4:34  Swarm Host  
  42  4:36  Overlord x2  
  51  4:53  Queen  
  53  5:09  Swarm Host  
  53  5:10  Swarm Host x3  
  65  5:19  Baneling Nest  
  64  5:22  Zergling x2  
  64  5:23  Zergling x4  
  64  5:24  Overlord x2  
  67  5:40  Hatchery  
  67  5:42  Nydus Canal  
  66  5:57  Drone x3  
  66  6:00  Drone x4  
  66  6:01  Zergling x4  
  75  6:09  Zerg Missile Weapons Level 1, Zerg Ground Armor Level 1  
  75  6:10  Hydralisk Den  
  74  6:45  Zergling x2  
  75  6:48  Overlord x4  
  75  6:54  Nydus Canal  
  75  7:03  Centrifugal Hooks  
  75  7:04  Muscular Augments  
  75  7:05  Queen  
  75  7:08  Baneling x5  
  77  7:09  Baneling  
  73  7:31  Zergling x2  
  73  7:32  Zergling x26  
  87  7:48  Hive  
  87  7:56  Baneling  
  87  7:57  Baneling x4  
  87  8:07  Grooved Spines, Nydus Canal  
  87  8:10  Hydralisk  
  87  8:12  Zergling x2  
  88  8:13  Zergling x24  
  100  8:22  Hydralisk x2  
  86  8:42  Queen  
  87  8:58  Zerg Missile Weapons Level 2, Zerg Ground Armor Level 2  
  87  9:01  Drone x4  
  87  9:02  Drone x8  
  99  9:29  Extractor, Hydralisk  
  99  9:30  Hydralisk x3  
  99  9:31  Extractor  
  105  9:33  Overlord x3  
  97  9:55  Hydralisk x13  
  123  10:01  Spore Crawler  
  123  10:04  Spore Crawler  
  121  10:09  Nydus Canal  
  121  10:16  Zergling x12  
  121  10:19  Drone x3  
  129  11:10  Ultralisk Cavern  
  128  11:17  Hatchery  
  127  11:35  Hydralisk  
Show
View Real Time Build Order
Export as new Build Order

Etherodox Terran 

Build Orders:  

Get SALT Encoding   

  12  0:03  SCV  
  13  0:15  SCV  
  14  0:22  Supply Depot  
  14  0:29  SCV  
  15  0:43  SCV  
  15  0:45  Barracks  
  15  0:46  Refinery  
  16  0:55  SCV  
  17  1:07  SCV  
  18  1:20  SCV  
  20  1:35  Reaper  
  20  1:38  Command Center  
  20  1:41  Orbital Command  
  20  1:49  Supply Depot  
  20  2:06  Marine  
  21  2:13  SCV, Factory  
  22  2:25  Barracks Tech Lab, SCV  
  23  2:34  Refinery  
  23  2:38  SCV  
  24  2:50  SCV  
  25  2:52  Orbital Command  
  25  2:53  Barracks Reactor  
  25  3:02  SCV  
  26  3:12  Siege Tank  
  29  3:13  Barracks  
  29  3:14  SCV  
  29  3:18  SCV  
  31  3:26  SCV  
  31  3:31  SCV  
  32  3:37  Marine x2  
  34  3:44  Siege Tank  
  36  3:55  Marine x2  
  38  4:03  SCV x2  
  38  4:05  Barracks Tech Lab  
  40  4:15  SCV x2  
  42  4:18  Supply Depot  
  42  4:21  Supply Depot  
  42  4:25  Siege Tank  
  42  4:27  Stimpack, SCV  
  46  4:35  Supply Depot  
  46  4:39  Supply Depot, Marine, SCV x2  
  49  4:46  Supply Depot  
  49  4:50  Marine x2  
  49  4:51  SCV x2  
  52  5:10  Command Center, SCV  
  52  5:12  Marine  
  52  5:14  Marine  
  55  5:22  Starport  
  55  5:23  SCV  
  55  5:24  SCV  
  57  5:29  Refinery  
  57  5:32  Refinery  
  57  5:34  Siege Tank  
  60  5:35  Marine  
  60  5:36  Marine  
  60  5:38  Marine  
  63  5:48  SCV x2  
  65  5:50  Refinery  
  65  5:53  Marine x2  
  65  5:55  Marine  
  68  6:06  Widow Mine  
  68  6:11  Marine x2  
  70  6:16  Marine, Starport Reactor  
  72  6:27  Siege Tank  
  72  6:29  Marine x2  
  74  6:34  Marine  
  75  6:46  Marine  
  75  6:47  Marine  
  75  6:48  Barracks  
  75  6:52  Marine, Starport  
  78  6:54  Starport, Medivac x2  
  82  7:04  Marine  
  82  7:05  Marine  
  84  7:09  SCV x2  
  84  7:12  Refinery  
  83  7:39  Marine x3  
  83  7:41  Starport Reactor x2  
  86  7:50  Supply Depot x3  
  86  7:51  Supply Depot  
  86  7:52  Supply Depot x2  
  86  7:53  Supply Depot x2  
  86  7:57  Armory  
  86  8:12  Marine x3, SCV x2, Liberator  
  94  8:20  Engineering Bay  
  94  8:24  SCV x2  
  85  8:36  SCV x2  
  84  8:44  Marine x2  
  84  8:45  Marine  
  79  8:48  Liberator x2  
  79  8:49  Terran Vehicle Weapons Level 1  
  85  8:58  Command Center  
  85  9:02  Marine  
  83  9:15  SCV x2  
  83  9:16  Refinery  
  85  9:27  SCV  
  72  9:49  Marine x3  
  75  9:57  Viking x3, Fusion Core  
  75  9:58  Viking  
  83  10:07  Marine x3  
  83  10:10  Barracks Reactor  
  86  10:25  Marine x3  
  89  10:34  SCV x2  
  87  10:42  Marine x2  
  85  10:43  Marine  
  85  10:46  SCV x2  
  85  10:49  Planetary Fortress  
  89  10:58  SCV x2  
  89  11:00  Marine x3  
  94  11:10  SCV x2  
  96  11:11  Viking  
  96  11:12  Viking  
  96  11:18  Marine x3  
  100  11:22  SCV  
  100  11:23  SCV  
  100  11:34  SCV  
  100  11:35  SCV x2  
  100  11:36  Marine x3  
  106  11:46  SCV  
Tags
 
Composition
Swarm Host
Matchup
TvZ
Spawn Locations
Cross Positions
Add a new tag
Caveats
  • Supply blocks, unpowered buildings, or Contaminate may cause inaccurate times.
  • Supply counts are checked every 10 seconds.